 Dungeon Crawl Stone Soup version 0.19.4-25-g1b72edd (webtiles) character file.

41 tof the Digger (level 3, 13/19 HPs)
             Began as a Gargoyle Earth Elementalist on Feb 28, 2017.
             Quit the game on level 2 of the Dungeon.
             The game lasted 00:06:13 (1481 turns).

tof the Digger (Gargoyle Earth Elementalist)        Turns: 1481, Time: 00:06:14

Health: 13/19      AC:  6    Str: 11    XL:     3   Next: 52%
Magic:  1/6        EV: 12    Int: 16    God:
Gold:   42         SH:  0    Dex: 10    Spells: 2 memorised, 2 levels left

rFire  . . .     SeeInvis .     (no weapon)
rCold  . . .     Gourm    .     c - +0 robe
rNeg   + . .     Faith    .     (no shield)
rPois  ∞         Spirit   .     (no helmet)
rElec  +         Reflect  .     (no cloak)
rCorr  .         Harm     .     (no gloves)
MR     .....                    k - +0 pair of boots
Stlth  ++........               (no amulet)
                                (no ring)
                                (no ring)

@: very slightly contaminated
A: negative energy resistance 1, electricity resistance, unbreathing,
petrification resistance, rot immunity, AC +3
a: no special abilities


You were on level 2 of the Dungeon.
You were not hungry.

You visited 1 branch of the dungeon, and saw 2 of its levels.

You collected 42 gold pieces.

Inventory:

Missiles
 b - 84 stones (quivered)
Armour
 c - a +0 robe (worn)
 k - a +0 pair of boots (worn)
Scrolls
 a - 2 scrolls of identify {unknown}
 g - a scroll of remove curse {unknown}
 i - a scroll of noise {unknown}
 j - a scroll of enchant armour {unknown}
 l - a scroll of recharging {unknown}
Potions
 f - a potion of might {unknown}
 h - 2 potions of curing {unknown}
 o - a potion of mutation {unknown}
 p - a potion of cure mutation {unknown}
Books
 e - a book of Geomancy

   Spells                             Type                      Level
   a - Sandblast                      Earth                        1
   b - Passwall                       Transmutation/Earth          2
   c - Stone Arrow                    Conjuration/Earth            3
   d - Petrify                        Transmutation/Earth          4
   e - Lee's Rapid Deconstruction     Earth                        5
Comestibles
 d - a bread ration
 m - a chunk of flesh
 n - a beef jerky


   Skills:
 + Level 1.8 Dodging
 + Level 2.4 Stealth
 + Level 0.8 Unarmed Combat
 + Level 2.3 Spellcasting
   Level 0.7 Transmutations
 + Level 4.4 Earth Magic


You had 2 spell levels left.
You knew the following spells:

 Your Spells              Type           Power        Failure   Level  Hunger
a - Sandblast             Erth           ###...       3%          1    #......
b - Stone Arrow           Conj/Erth      #.....       28%         3    ###....


Dungeon Overview and Level Annotations

Branches:
Dungeon (2/15)

Altars:


Innate Abilities, Weirdness & Mutations

You are resistant to torment.
Your stone body is resilient. (AC +3)
You are immune to poison.
You resist negative energy. (rN+)
You are resistant to electric shocks. (rElec)
You can survive without breathing.
You are immune to petrification.
You are immune to rotting.


Message History

Aim: a hobgoblin The blast of sand hits the hobgoblin.
The hobgoblin closely misses you.
Casting: Sandblast
Confirm with . or Enter, or press ? or * to list all spells.
Aiming: Sandblast
Press: ? - help, Shift-Dir - straight line, f/p - hobgoblin
Aim: a hobgoblin You miscast Sandblast.
You are very lightly contaminated with residual magic.
You are showered with tiny particles of grit.
The adder bites you. The hobgoblin barely misses you.
Casting: Sandblast
Confirm with . or Enter, or press ? or * to list all spells.
Aiming: Sandblast
Press: ? - help, Shift-Dir - straight line, f/p - hobgoblin
Aim: a hobgoblin You miscast Sandblast.
You momentarily stiffen.
The adder completely misses you. The hobgoblin barely misses you.
The adder bites you.
Are you sure you want to abandon this character and quit the game? (Confirm with "yes".)

####.# ### ## #.# # #.#
#.# #.# #. .>. ....
#.##### #.#.#.# #.#.#
#.#...#.#............
####.#.#.#.#.#.#$#.#.#.#
................S.......
####.#.#.#.#.#.#g#w#.#.#
####.#.#.#.#....@.......
...........#.#.#.#.#.#.#
...........##...........
...........'[#.#.#.#.#.#
...#.#.....###...#.....
...#.##....# #...# .....
...#.##....# #...# ###.#
...#.##....# #...# S
...#.##....# #...#


You could see a worm, an adder and a hobgoblin.

Vanquished Creatures
  A leopard gecko (D:1)
  3 giant cockroaches
  3 goblins
  2 hobgoblins (D:1)
  9 jackals (D:1)
  A quokka (D:1)
  6 bats (D:1)
  A frilled lizard (D:2)
  2 kobolds
  9 rats
37 creatures vanquished.

Notes
Turn   | Place    | Note
-------+----------+-------------------------------------------
     0 | D:1      | tof the Gargoyle Earth Elementalist began the quest for the Orb.
     0 | D:1      | Reached XP level 1. HP: 10/10 MP: 3/3
   261 | D:1      | Reached skill level 4 in Earth Magic
   272 | D:1      | Reached XP level 2. HP: 7/15 MP: 0/5
   811 | D:1      | Reached XP level 3. HP: 13/19 MP: 0/6
   906 | D:1      | Learned a level 3 spell: Stone Arrow
  1481 | D:2      | Quit the game

Skill      XL: |  1 |
---------------+----+-----
Earth Magic    | 4 |  4.4
Dodging        | |  1.8
Stealth        | |  2.4
Unarmed Combat | |  0.8
Spellcasting   | |  2.3
Transmutations | |  0.7

Action                   || total
-------------------------++-------
Melee: Unarmed           ||   115
 Cast: Sandblast         ||    53
       Stone Arrow       ||     4
  Eat: Chunk             ||     3
Armor: Robe              ||   103
Dodge: Dodged            ||   170
